 Dungeon Crawl Stone Soup version 0.24.0-2-g5b39cebb1c (webtiles) character file.

Game seed: 6518399578288754043, levelgen mode: deterministic

157 Mrkan the Shield-Bearer (level 5, -9/47 HPs)
             Began as a Minotaur Fighter on Oct 29, 2019.
             Was a Follower of Makhleb.
             Splashed by Pikel's acid (14 damage)
             ... on level 4 of the Dungeon.
             The game lasted 00:03:01 (2175 turns).

Mrkan the Shield-Bearer (Minotaur Fighter)          Turns: 2175, Time: 00:03:02

Health: -9/47      AC: 10    Str: 20    XL:     5   Next: 15%
Magic:  4/4        EV:  4    Int:  5    God:    Makhleb [*.....]
Gold:   157        SH:  9    Dex: 11    Spells: 4/4 levels left

rFire    . . .     SeeInvis .   a - +0 war axe
rCold    . . .     Gourm    .   c - +0 shield
rNeg     . . .     Faith    .   u - +0 plate armour
rPois    .         Spirit   .   (helmet restricted)
rElec    .         Reflect  .   i - +0 cloak
rCorr    .         Harm     .   (no gloves)
MR       .....                  n - +0 pair of boots
Stlth    ..........             (no amulet)
HPRegen  0.15/turn              (no ring)
MPRegen  0.09/turn              (no ring)

@: corroded
A: retaliatory headbutt, horns 2
a: Renounce Religion


You were on level 4 of the Dungeon.
You worshipped Makhleb.
Makhleb was aware of your devotion.
You were very hungry.

You visited 1 branch of the dungeon, and saw 4 of its levels.

You collected 157 gold pieces.

Inventory:

Hand Weapons
 a - a +0 war axe (weapon)
Missiles
 j - 119 stones (quivered)
Armour
 c - a +0 shield (worn)
 i - a +0 cloak (worn)
 n - a +0 pair of boots (worn)
 u - a +0 plate armour (worn)
Jewellery
 l - an uncursed amulet of regeneration {unknown}
 t - an uncursed ring of protection from fire {unknown}
Scrolls
 g - a scroll of amnesia {unknown}
 h - 2 scrolls of remove curse {unknown}
 m - 2 scrolls of enchant weapon {unknown}
 q - 4 scrolls of identify {unknown}
 s - a scroll of fear {unknown}
Potions
 d - 2 potions of might
 e - 2 potions of curing {unknown}
 k - a potion of cancellation {unknown}
 o - a potion of haste {unknown}
 p - a potion of mutation {unknown}
 r - 2 potions of heal wounds {unknown}
Comestibles
 f - 6 rations


   Skills:
 + Level 4.5 Fighting
 * Level 4.4 Axes
 + Level 4.5 Armour
 + Level 4.6 Shields


You had 4 spell levels left.
You didn't know any spells.
Your spell library was empty.

Dungeon Overview and Level Annotations

Branches:
Dungeon (4/15)
 Temple: D:4-7

Altars:
Makhleb
Uskayaw

Annotations:
D:4 Pikel


Innate Abilities, Weirdness & Mutations

You reflexively headbutt those who attack you in melee.
You have a pair of horns on your head.


Message History

You headbutt Pikel, but do no damage. You hit the slave.
You block Pikel's attack. The slave closely misses you.
Pikel hits you with a +2 whip of flaming.
Pikel burns you.
You hit Pikel. You headbutt Pikel.
Pikel is lightly wounded.
You barely miss the slave. The slave barely misses you.
Pikel hits you but does no damage. You block the slave's attack.
You slash Pikel! You headbutt Pikel, but do no damage.
Pikel is moderately wounded.
Your shield and plate armour prevent you from hitting the slave.
Pikel hits you but does no damage. You block the slave's attack.
You closely miss Pikel. You headbutt Pikel.
Pikel is moderately wounded.
Your plate armour prevents you from hitting the slave.
Pikel zaps a wand.
The bolt of acid hits you!!
Ouch! That really hurt!
* * * LOW HITPOINT WARNING * * *
The acid corrodes you!
You are splashed with acid!
You die... ........ ..##### ....... ..# ....... ..# ...>... ..# ....... ..### ....... ....## po.....

.##..# ###Kp(.#
.###.# ###.@p#
#....########...###
#.............###
#...........###
#....>......#
#...###.....# ####
#.....# #######


You could see Pikel, 3 slaves and an orc.

Vanquished Creatures
  An orc wizard (D:3)
  2 bullfrog skeletons
  An adder skeleton (D:4)
  2 worms
  3 dart slugs
  5 orcs (D:3)
  4 bats (D:1)
  4 giant cockroaches
  6 goblins
  2 hobgoblins (D:1)
  6 jackals (D:3)
  4 kobolds
  2 quokkas
  A ball python (D:3)
  7 frilled lizards
  6 rats
56 creatures vanquished.

Notes
Turn   | Place    | Note
-------+----------+-------------------------------------------
     0 | D:1      | Mrkan the Minotaur Fighter began the quest for the Orb.
     0 | D:1      | Reached XP level 1. HP: 19/19 MP: 0/0
   338 | D:1      | Reached XP level 2. HP: 27/27 MP: 1/1
   839 | D:2      | Reached XP level 3. HP: 33/33 MP: 2/2
   968 | D:2      | Found a burning altar of Makhleb.
   987 | D:2      | Noticed a blizzard demon
   992 | D:2      | Noticed a hellwing
   992 | D:2      | Noticed a ynoxinul
   994 | D:2      | Became a worshipper of Makhleb the Destroyer
  1286 | D:3      | Reached XP level 4. HP: 18/40 MP: 3/3
  1590 | D:3      | Noticed a +0 dagger
  1590 | D:3      | Noticed a +0 hand axe
  1594 | D:3      | Found a hide-covered altar of Uskayaw.
  1708 | D:3      | Reached * piety under Makhleb
  2148 | D:4      | Reached XP level 5. HP: 46/47 MP: 4/4
  2165 | D:4      | Noticed Pikel
  2165 | D:4      | Noticed a slave
  2165 | D:4      | Noticed a slave
  2165 | D:4      | Noticed a slave
  2165 | D:4      | Noticed a slave
  2175 | D:4      | Splashed by Pikel's acid

Levels and vault maps discovered:
D:1:      beargit_arrival_greenhouse, layout_basic
D:2:      layout_rooms, makhleb_altar_promises_db,
          chequers_serial_rivers_small_a
D:3:      layout_loops_cross, dancing_weapons_uskayaw
D:4:      layout_rooms, hangedman_decor_diamond_cutter, uniq_pikel

Skill      XL: |  1  2  3  4 |
---------------+-------------+-----
Axes           | 3 4 |  4.4
Fighting       | 4 |  4.5
Armour         | 4 |  4.5
Shields        | 4 |  4.6

Action                   |  1- 3 |  4- 6 || total
-------------------------+-------+-------++-------
Melee: War axe           |    67 |    63 ||   130
       Headbutt          |     9 |    15 ||    24
  Eat: Chunk             |     1 |     2 ||     3
Armor: Scale mail        |    32 |     4 ||    36
       Plate armour      |       |    35 ||    35
Dodge: Dodged            |    16 |    11 ||    27
Block: Shield            |    31 |    38 ||    69
